 Dungeon Crawl Stone Soup version 0.27-a0-1548-gf8a67e7463 (webtiles) character file.

Game seed: 11870014520421122970

3418 night the Destroyer (level 9, 0/62 HPs)
             Began as a Demigod Conjurer on July 13, 2021.
             Asphyxiated
             ... on level 8 of the Dungeon.
             The game lasted 00:19:05 (9443 turns).

night the Destroyer (Demigod Conjurer)              Turns: 9443, Time: 00:19:05

Health: 0/62       AC:  4    Str:  8    XL:     9   Next: 47%
Magic:  24/25      EV: 12    Int: 32    God:
Gold:   431        SH:  0    Dex: 12    Spells: 6/24 levels left

rFire    . . .     SeeInvis .   d - +2 double sword (holy)
rCold    . . .     Faith    .   (no shield)
rNeg     . . .     Spirit   .   D - +1 robe {Will+}
rPois    .         Reflect  .   (no helmet)
rElec    .         Harm     .   o - +0 cloak
rCorr    .         Rampage  .   (no gloves)
Will     +....                  (no boots)
Stlth    ++........             (no amulet)
HPRegen  0.20/turn              (no ring)
MPRegen  0.19/turn              (no ring)

@: lethally poisoned (0 -> -6), slowed, very slow
A: high mp 1, forlorn
a: no special abilities


You were on level 8 of the Dungeon.
You visited 1 branch of the dungeon, and saw 9 of its levels.

You collected 431 gold pieces.

Inventory:

Hand Weapons
 b - a +2 short sword of venom
 d - a +2 double sword of holy wrath (weapon)
 i - a +0 long sword
 t - a +1 mace of protection
Missiles
 C - 7 poisoned darts
Armour
 a - a +0 robe
 o - a +0 cloak (worn)
 A - a scarf of repulsion
 B - a +0 leather armour of positive energy
 D - a +1 robe of willpower (worn)
Wands
 f - a wand of paralysis (5)
 l - a wand of iceblast (5)
 r - a wand of flame (6)
Scrolls
 j - a scroll of amnesia {unknown}
 s - a scroll of enchant weapon
 u - 3 scrolls of immolation {unknown}
 v - a scroll of enchant armour {unknown}
 x - a scroll of noise {unknown}
 y - 3 scrolls of identify
Potions
 c - a potion of might {unknown}
 e - 2 potions of mutation
 g - 4 potions of curing
 h - 2 potions of flight
 k - 4 potions of heal wounds
 m - 2 potions of berserk rage {unknown}
 n - a potion of invisibility {unknown}
 p - 3 potions of haste
 q - a potion of brilliance {unknown}
 w - a potion of attraction {unknown}
 z - a potion of lignification {unknown}


   Skills:
 - Level 1.7 Dodging
 - Level 1.7 Stealth
 + Level 8.2 Spellcasting
 + Level 9.5 Conjurations
 + Level 2.8 Earth Magic


You had 6 spell levels left.
You knew the following spells:

 Your Spells              Type           Power      Damage    Failure   Level
a - Magic Dart            Conj           100%       1d8       1%          1
b - Searing Ray           Conj           100%       3d7       1%          2
c - Iskenderun's Mystic   Conj/Tloc      43%        2d10      4%          4
d - Iskenderun's Battles  Conj           65%        2d11      1%          5
e - Iron Shot             Conj/Erth      26%        9d6       41%         6

Your spell library contained the following spells:

 Spells                   Type           Power      Damage    Failure   Level
 Dazzling Flash           Conj/Hex       86%        N/A       1%          3
 Beastly Appendage        Tmut           26%        N/A       3%          1
 Fulminant Prism          Conj/Hex       21%        3d13      4%          4
 Blink                    Tloc           N/A        N/A       5%          2
 Wereblood                Tmut           13%        N/A       5%          2
 Lesser Beckoning         Tloc           6%         N/A       11%         3
 Spider Form              Tmut/Pois      6%         N/A       11%         3
 Manifold Assault         Tloc           13%        N/A       71%         5
 Spellforged Servitor     Conj/Summ      21%        N/A       99%         7


Dungeon Overview and Level Annotations

Branches:
Dungeon (9/15)             Temple (0/1) D:6            Lair (0/6) D:9
    Orc (0/2) D:9

Shops:
D:4 (


Innate Abilities, Weirdness & Mutations

Your attributes grow dramatically as you level up.
You have an increased reservoir of magic. (+10% MP)
You shall have no god before yourself.


Message History

The kobold brigand is lightly wounded.
The kobold shouts!
The kobold brigand throws a curare-tipped dart.
The curare-tipped dart hits you.
You are poisoned.
You have difficulty breathing.
You feel yourself slow down.
Casting: Magic Dart (safe; 1% risk of failure)
Confirm with . or Enter, or press ? or * to list all spells.
Aiming: Magic Dart (safe; 1% risk of failure)
Press: ? - help, Shift-Dir - straight line, f/p - kobold brigand
Aim: a kobold brigand, wielding a +0 club and quivering curare-tipped darts (lightly wounded, 100% to hit)
The magic dart hits the kobold brigand.
The kobold brigand is moderately wounded.
You feel very sick.
The kobold brigand throws a curare-tipped dart.
The curare-tipped dart hits you.
You are more poisoned.
You have difficulty breathing.
You feel as though you will be slow longer.
You feel extremely sick.
You feel extremely sick.
The kobold throws a poisoned dart.
The poisoned dart hits you!
You are more poisoned.
You feel extremely sick.
The kobold brigand throws a curare-tipped dart.
The curare-tipped dart hits you.
You are lethally poisoned!
You have difficulty breathing.
* * * LOW HITPOINT WARNING * * *
You feel as though you will be slow longer.
Things that are here:
a +0 whip; 2 stones; a kobold corpse
* * * LOW HITPOINT WARNING * * *
You feel extremely sick.
You feel better.
The kobold brigand throws a curare-tipped dart.
The curare-tipped dart hits you.
You are poisoned.
You have difficulty breathing.
You die...

......##....oo.........
....).............##.#.
###..K#...........#....
#...#.#.........#....
..####.KK#.###.......#....
.........#.######....##...
..........#..K..##....##...
........#.)#####.##....##...
....#......@.....##....##...
........#####)...##.........
...........#.........##.....
..........'....#...###.....
#######.......#.#......+.......
............)...####...##....#.
.............###P.##.........##
............# .._#...#....##
###.......### P..##..#.###.


You could see a kobold brigand and 2 kobolds.

Vanquished Creatures
  A komodo dragon (D:7)
  Eustachio (D:5)
  Menkaure (D:4)
  A water moccasin (D:8)
  2 ice beasts (D:5)
  A sky beast (D:7)
  3 black bears
  4 orc warriors
  2 ogres
  A necrophage (D:5)
  A kobold brigand (D:8)
  2 bullfrogs
  A gnoll sergeant (D:7)
  2 scorpions (D:5)
  2 wyvern skeletons
  A water moccasin skeleton (D:6)
  2 centaur zombies
  2 bullfrog zombies
  A jelly (D:4)
  A bullfrog skeleton (D:6)
  3 orc priests
  Crazy Yiuf (D:4)
  3 centaur skeletons
  Ijyb (D:4)
  Terence (D:3)
  4 iguanas
  Natasha (thrice) (D:3)
  7 orc wizards
  A killer bee zombie (D:7)
  A hound skeleton (D:4)
  2 howler monkey zombies
  3 gnolls (D:7)
  8 adders
  2 worms (D:4)
  An adder skeleton (D:4)
  2 dart slugs
  25 orcs
  7 ball pythons
  14 bats
  7 endoplasms
  4 hobgoblins
  8 jackals
  4 quokkas
  5 frilled lizards
  18 goblins
  16 kobolds
  6 rats
189 creatures vanquished.

Vanquished Creatures (others)
  3 plants (D:4)
3 creatures vanquished.

Grand Total: 192 creatures vanquished

Notes
Turn   | Place    | Note
-------+----------+-------------------------------------------
     0 | D:1      | night the Demigod Conjurer began the quest for the Orb.
     0 | D:1      | Reached XP level 1. HP: 14/14 MP: 5/5
   187 | D:1      | Reached skill level 2 in Spellcasting
   335 | D:1      | Reached XP level 2. HP: 20/20 MP: 2/7
   542 | D:1      | Reached skill level 4 in Conjurations
  1056 | D:1      | Learned a level 2 spell: Searing Ray
  1332 | D:2      | Reached XP level 3. HP: 26/26 MP: 7/9
  1921 | D:2      | Reached XP level 4. HP: 33/33 MP: 7/11
  2325 | D:2      | Learned a level 4 spell: Iskenderun's Mystic Blast
  2420 | D:3      | Noticed Terence
  2429 | D:3      | Killed Terence
  2614 | D:3      | Noticed Natasha
  2618 | D:3      | Killed Natasha
  2833 | D:3      | Noticed Natasha
  2836 | D:3      | Killed Natasha
  2837 | D:3      | Reached skill level 5 in Conjurations
  2837 | D:3      | Reached XP level 5. HP: 38/38 MP: 9/13
  2848 | D:3      | Noticed Natasha
  2855 | D:3      | Killed Natasha
  3139 | D:4      | Found a runed translucent door.
  3140 | D:4      | Noticed Crazy Yiuf
  3396 | D:4      | Noticed an orc warrior
  3403 | D:4      | Killed an orc warrior
  3404 | D:4      | Reached XP level 6. HP: 45/45 MP: 7/15
  3702 | D:4      | Found Gamecar's Antique Weapon Shoppe.
  3719 | D:4      | Noticed Menkaure
  3727 | D:4      | Killed Menkaure
  3728 | D:4      | Reached skill level 6 in Conjurations
  3734 | D:4      | Learned a level 5 spell: Iskenderun's Battlesphere
  3943 | D:4      | Noticed Ijyb
  3947 | D:4      | Paralysed by Ijyb for 2 turns
  3952 | D:4      | Killed Ijyb
  4300 | D:4      | Reached skill level 5 in Spellcasting
  4300 | D:4      | Reached XP level 7. HP: 50/50 MP: 4/18
  4851 | D:4      | Killed Crazy Yiuf
  4953 | D:5      | Entered Level 5 of the Dungeon
  5375 | D:5      | Reached skill level 7 in Conjurations
  5648 | D:5      | Reached XP level 8. HP: 53/57 MP: 14/20
  6033 | D:5      | Noticed Eustachio
  6040 | D:5      | Killed Eustachio
  6041 | D:5      | Reached skill level 8 in Conjurations
  6468 | D:6      | Identified a scroll of acquirement
  6468 | D:6      | Acquired a +2 double sword of holy wrath
  6589 | D:6      | Found a staircase to the Ecumenical Temple.
  7025 | D:6      | HP: 7/57 [orc warrior (19)]
  7319 | D:6      | You fall into a shaft and drop 3 floors!
  7819 | D:7      | Noticed a komodo dragon
  7828 | D:7      | Killed a komodo dragon
  7829 | D:7      | Reached skill level 9 in Conjurations
  7829 | D:7      | Reached XP level 9. HP: 26/62 MP: 16/24
  8039 | D:7      | Learned a level 6 spell: Iron Shot
  8185 | D:7      | Reached skill level 1 in Earth Magic
  9186 | D:8      | Reached skill level 2 in Earth Magic
  9442 | D:8      | HP: 3/62 [poisoned by a kobold brigand (curare-tipped
                  | dart)]
  9443 | D:8      | Asphyxiated

Illustrated notes

Levels and vault maps discovered:
D:1:      dpeg_arrival_water_fire, layout_basic, st_stairs_11, hex_medium,
          minmay_strange_pillars
D:2:      layout_loops_ring, patterned_corridor
D:3:      layout_rooms, overflow_temple_1_default, lightli_corner_chamber,
          uniq_terence, uniq_natasha
D:4:      minmay_diamond_boxcup, layout_loops_ring,
          nemelex_xobeh_ov_fountains_minmay, amcnicky_altar_gilded,
          nicolae_ru_the_path_less_chosen, serial_shops,
          nicolae_shop_overgrown_old_shop, minmay_hedge_maze,
          grunt_decor_mini_mirrors, uniq_crazy_yiuf_cottage, uniq_ijyb,
          uniq_menkaure
D:5:      layout_basic, minmay_ogre_servants, uniq_eustachio
D:6:      layout_basic, minmay_temple_entry_trees
D:7:      layout_basic, grunt_ministairs_13
D:8:      minmay_clustersquares, layout_basic,
          mainiacjoe_overflow_cross_hatched, gammafunk_temple_overflow_forgotten
D:9:      layout_irregular_city, due_lair_maze_entry_diamond, orc_0_dummy,
          water_boxes_lemuel

Skill      XL: |  1  2  3  4  5  6  7  8  9 |
---------------+----------------------------+-----
Spellcasting   | 2 3 4 5 6 7 8 |  8.2
Conjurations   | 4 5 6 7 9 |  9.5
Earth Magic    | 2 |  2.8
Dodging        | |  1.7
Stealth        | |  1.7

Action                   |  1- 3 |  4- 6 |  7- 9 || total
-------------------------+-------+-------+-------++-------
Melee: Dagger            |     6 |    31 |     9 ||    46
       Short sword       |       |       |     4 ||     4
       Double sword      |       |       |    37 ||    37
 Cast: Magic Dart        |    66 |    90 |    84 ||   240
       Searing Ray       |     4 |    13 |    33 ||    50
       Iskenderun's Myst |       |       |     9 ||     9
       Iskenderun's Batt |       |       |     3 ||     3
Evoke: Wand              |       |       |     2 ||     2
  Use: Scroll            |       |     4 |     7 ||    11
       Potion            |       |       |     1 ||     1
 Stab: Sleeping          |     2 |     2 |     3 ||     7
Armor: Robe              |     8 |     8 |    21 ||    37
Dodge: Dodged            |     4 |    27 |    60 ||    91
       Rpst.: Double sword |       |       |    17 ||    17

Table legend: (Time is in decaauts)
 A = Elapsed time spent in this place.
 B = Non-inter-level travel time spent in this place.
 C = Inter-level travel time spent in this place.
 D = Time resting spent in this place.
 E = Time spent auto-exploring this place.
 F = Levels seen in this place.
 G = Mean time per level.
                   A        B        C        D        E       F      G
               +--------+--------+--------+--------+--------+-----+--------+
         Total |   9463 |   9259 |    204 |   1191 |   6941 |   9 | 1051.4 |
       Dungeon |   9463 |   9259 |    204 |   1191 |   6941 |   9 | 1051.4 |
               +--------+--------+--------+--------+--------+-----+--------+

Top non-repeatable levels by time:
     D:4: 2140 daAuts
     D:7: 1403 daAuts
     D:6: 1329 daAuts
     D:1: 1221 daAuts
     D:2: 1161 daAuts
     D:5: 1100 daAuts
     D:3: 673 daAuts
     D:8: 365 daAuts
     D:9: 68 daAuts
